cohdb
Replays
Latest Replays
All Replays
Popular Replays
Top Player Replays
Match Explorer
How It Works
Community
CoH3 Stats
Reddit
Sign in to upload your games and track your stats! →
Sign in with Steam
Match 35384911
Unlisted
Match 35384911
Overview
Messages
Build Orders
End
Kradschützen Motorcycle Team
Selects Italian Infantry
Panzergrenadier Squad
250 Light Carrier
Panzergrenadier Squad
Construct Light Support Kompanie
Panzerjäger Squad
Fire Support Elements
Selects Guastatori Squad
Pak 38 Mechanized Group
Flakvierling Half-track
Guastatori Squad
Flakvierling Half-track
傲慢是生存的障碍
stevomcmuffinman
0
0
Comments
sign in to comment!
No comments posted yet!